[Event "Germany Countries-chT Youth 2022"]
[Site "Wiesbaden"]
[Date "2022.10.02"]
[Round "3"]
[White "Uhlmann, Tim"]
[Black "Tovmasyan, Minas"]
[Result "0-1"]
[ECO "B40"]
[WhiteElo "1841"]
[BlackElo "1838"]
[Annotator "NA RC COMBH"]
[PlyCount "114"]
[EventDate "2022.09.28"]
[EventType "team-tourn"]
[EventRounds "7"]
[EventCountry "GER"]
[SourceTitle "playchess.com"]
[Source "ChessBase"]
[SourceQuality "1"]
[TimeControl "40/5400+30:1800+30"]

1. e4 c5 2. Nf3 e6 3. c4 a6 4. Nc3 Qc7 5. d4 cxd4 6. Nxd4 Nf6 7. a3 b6 8. Be2 Bb7 9. f3 d6 10. O-O Be7 11. Be3 O-O 12. Qd2 Nbd7 13. Rfd1 Rfe8 14. Rac1 h5 (14... Rac8 $14 {deserves consideration.}) 15. Bf2 Rac8 16. Qe1 Qb8 17. Kh1 Ne5 $14 18. Na4 Nfd7 19. b4 Ng6 20. Qg1 (20. Qd2 $14) 20... Bd8 21. Nb3 Bc6 22. b5 Ba8 23. bxa6 Nc5 24. Nbxc5 bxc5 25. Nc3 Rc6 26. Nb5 Rxa6 27. Rb1 Rb6 28. a4 Be7 29. a5 Rb7 30. a6 Rb6 31. Nc3 Qa7 32. Rxb6 Qxb6 33. Nb5 Rc8 34. Ra1 Ne5 35. Be1 Nc6 36. Bc3 Rd8 37. f4 h4 38. Qf2 h3 39. Bf3 Qb8 40. Qg3 hxg2+ 41. Qxg2 e5 42. f5 Nd4 43. Ba5 Rd7 44. Bg4 Bf6 45. Nc3 Ra7 46. Rb1 Qc8 47. Nd5 Bxd5 48. cxd5 Rxa6 49. Bc3 Qa8 50. Qb2 Ra3 51. Ra1 Rxa1+ 52. Qxa1 Qb7 53. Bxd4 exd4 54. Be2 d3 55. Qd1 dxe2 56. Qxe2 Qb1+ 57. Kg2 Qb2 0-1

[Event "Germany Countries-chT Youth 2022"]
[Site "Wiesbaden"]
[Date "2022.10.02"]
[Round "3"]
[White "Buchinger, Alexis"]
[Black "Braun, Julian"]
[Result "1-0"]
[ECO "C50"]
[WhiteElo "1802"]
[BlackElo "1715"]
[Annotator "NA COMBH RC"]
[PlyCount "101"]
[EventDate "2022.09.28"]
[EventType "team-tourn"]
[EventRounds "7"]
[EventCountry "GER"]
[SourceTitle "playchess.com"]
[Source "ChessBase"]
[SourceQuality "1"]
[TimeControl "40/5400+30:1800+30"]

1. e4 e5 2. Nf3 Nc6 3. Bc4 Bc5 4. O-O Nf6 5. d3 O-O 6. a4 a5 7. Re1 h6 8. Nbd2 d6 $11 9. c3 Re8 10. Nf1 Be6 11. Qb3 Qd7 12. Be3 Bxc4 13. Qxc4 Bxe3 14. Nxe3 Rad8 15. Rad1 d5 16. exd5 Nxd5 17. Nxd5 Qxd5 18. Qxd5 Rxd5 19. Kf1 Kf8 20. Rd2 b6 21. Red1 Red8 22. Ke2 Ke7 23. Ke3 Ke6 24. d4 exd4+ 25. Nxd4+ Nxd4 26. Rxd4 Rxd4 27. Rxd4 Rxd4 28. Kxd4 Kd6 29. b4 c5+ 30. bxc5+ bxc5+ 31. Kc4 Kc6 32. g4 g6 33. h4 f6 34. h5 gxh5 35. gxh5 f5 36. f4 Kd6 37. Kb5 Kd5 38. Kxa5 Ke4 39. Kb5 Kxf4 40. a5 Ke3 41. a6 f4 42. a7 f3 43. a8=Q f2 44. Qg2 Ke2 45. Kxc5 Ke1 46. Kd6 f1=Q 47. Qxf1+ Kxf1 48. Ke6 Ke2 49. c4 Ke3 50. c5 Kf4 {[%emt 0:00:05] #10} 51. Kf6 1-0

[Event "Germany Countries-chT Youth 2022"]
[Site "Wiesbaden"]
[Date "2022.10.02"]
[Round "3"]
[White "Semling, Julius"]
[Black "Haubold, Christian Lucas"]
[Result "0-1"]
[ECO "C50"]
[WhiteElo "1801"]
[BlackElo "1888"]
[Annotator "NA RC COMBH"]
[PlyCount "58"]
[EventDate "2022.09.28"]
[EventType "team-tourn"]
[EventRounds "7"]
[EventCountry "GER"]
[SourceTitle "playchess.com"]
[Source "ChessBase"]
[SourceQuality "1"]
[TimeControl "40/5400+30:1800+30"]

1. e4 e5 2. Nf3 Nc6 3. Bc4 Nf6 4. d3 Bc5 5. c3 d6 6. O-O Bg4 7. Nbd2 Qd7 8. b4 Bb6 9. a4 a5 10. b5 Ne7 11. Qc2 Ng6 12. d4 (12. h3 $2 {[#]} Bxh3 $1 13. Ne1 Nf4 $17) 12... h6 13. Be2 exd4 14. Nc4 (14. cxd4 $11 O-O 15. Re1) 14... Bc5 15. cxd4 $14 Bxf3 16. dxc5 Bxe4 17. Bd3 d5 18. Ne3 Ne5 19. Bxe4 dxe4 20. Rd1 Qe6 21. b6 O-O 22. Bb2 Nd3 23. Bxf6 Qxf6 24. Nd5 Qe5 25. Nxc7 Rad8 26. Nb5 e3 27. Qe2 exf2+ 28. Kf1 Qxh2 29. Qf3 Rfe8 0-1

[Event "Germany Countries-chT Youth 2022"]
[Site "Wiesbaden"]
[Date "2022.10.02"]
[Round "3"]
[White "Voigt, Anastasia"]
[Black "Fischer, Darja"]
[Result "0-1"]
[ECO "B28"]
[WhiteElo "1772"]
[BlackElo "1738"]
[Annotator "NA RC COMBH"]
[PlyCount "128"]
[EventDate "2022.09.28"]
[EventType "team-tourn"]
[EventRounds "7"]
[EventCountry "GER"]
[SourceTitle "playchess.com"]
[Source "ChessBase"]
[SourceQuality "1"]
[TimeControl "40/5400+30:1800+30"]

1. e4 c5 2. Nf3 a6 3. c3 d5 4. exd5 Qxd5 5. d4 Bg4 6. Be2 e6 7. O-O Nf6 8. Be3 cxd4 9. Nxd4 Bxe2 10. Qxe2 Be7 11. Nd2 O-O 12. N2f3 Nbd7 13. Rfd1 Rfd8 14. Bf4 Qh5 15. Re1 Nc5 16. Qc2 Nd5 17. Bg3 Rac8 18. Rad1 Bf6 19. Nb3 Na4 20. Be5 Bxe5 21. Rxe5 Qg6 22. Qxg6 hxg6 23. Re2 b5 24. Rd4 Rc7 25. h3 Rdc8 26. Ne5 Ndb6 27. Na5 Nd5 28. Red2 Nab6 29. Nd3 Nc4 30. Nxc4 Rxc4 31. Ne5 R4c7 32. a4 Kf8 33. Kf1 Ke7 34. Ke2 g5 35. Kf3 f6 36. Ng4 f5 37. Ne3 Nxe3 38. Kxe3 Kf6 39. Rb4 Rc5 40. Rd6 Re5+ 41. Kd3 Ra8 42. Kd2 Ke7 43. Rbd4 Ra7 44. a5 Re4 45. Rxe4 Kxd6 46. Rd4+ Kc6 47. b4 e5 48. Rd8 Rd7+ 49. Rxd7 Kxd7 50. Kd3 Kd6 51. c4 bxc4+ 52. Kxc4 Kc6 53. f3 e4 54. fxe4 fxe4 55. Kd4 Kb5 56. Kxe4 Kxb4 57. Kd4 Kxa5 58. Kc5 Ka4 59. Kc4 a5 60. g3 Ka3 61. Kc3 a4 62. h4 g4 63. h5 Ka2 64. Kc2 a3 0-1

[Event "Germany Countries-chT Youth 2022"]
[Site "Wiesbaden"]
[Date "2022.10.02"]
[Round "3"]
[White "Zoellner, Bente"]
[Black "Trunz, Michelle"]
[Result "1/2-1/2"]
[ECO "A80"]
[WhiteElo "1756"]
[BlackElo "1821"]
[Annotator "NA RC COMBH"]
[PlyCount "112"]
[EventDate "2022.09.28"]
[EventType "team-tourn"]
[EventRounds "7"]
[EventCountry "GER"]
[SourceTitle "playchess.com"]
[Source "ChessBase"]
[SourceQuality "1"]
[TimeControl "40/5400+30:1800+30"]

1. d4 f5 2. Nf3 Nf6 3. c4 e6 4. g3 d5 5. Bg2 c6 6. O-O Bd6 7. b3 Qe7 8. a4 O-O 9. Ba3 Bxa3 10. Nxa3 b6 11. Nc2 Bb7 12. Nce1 Nbd7 13. Nd3 Rfd8 14. Nfe5 Rac8 15. e3 c5 16. a5 $11 Nxe5 17. Nxe5 Qd6 18. axb6 Qxb6 19. Ra2 Nd7 20. Qa1 Nxe5 21. dxe5 Ra8 22. cxd5 Bxd5 23. Bxd5 exd5 24. Qc3 Rd7 25. Rd1 Rc8 26. Rad2 Qe6 27. f4 Qc6 28. Qd3 g6 29. Ra2 Rb8 30. Ra5 Qb6 31. Qc3 Rc8 32. Rda1 c4 33. bxc4 Rxc4 34. Qd3 Re4 35. Ra6 Rxe3 36. Rxb6 Rxd3 37. Rba6 g5 38. Rxa7 Rxa7 39. Rxa7 gxf4 40. gxf4 Rd4 41. Ra8+ Kf7 42. Ra7+ Kg6 43. Ra6+ Kh5 44. Ra7 Kg4 45. Rxh7 Kxf4 46. e6 Kg5 47. Rf7 Kg6 48. Rf8 Re4 49. Rd8 Rxe6 50. Rxd5 Re2 51. Rd4 Kf6 52. Rf4 Ke5 53. Rf2 Re4 54. h3 Rh4 55. Kg2 f4 56. Ra2 Rh8 1/2-1/2

[Event "Germany Countries-chT Youth 2022"]
[Site "Wiesbaden"]
[Date "2022.10.02"]
[Round "3"]
[White "Wylie, Leonard"]
[Black "Vranckx, Oscar"]
[Result "0-1"]
[ECO "B22"]
[WhiteElo "1721"]
[BlackElo "1583"]
[Annotator "NA RC COMBH"]
[PlyCount "67"]
[EventDate "2022.09.28"]
[EventType "team-tourn"]
[EventRounds "7"]
[EventCountry "GER"]
[SourceTitle "playchess.com"]
[Source "ChessBase"]
[SourceQuality "1"]
[TimeControl "40/5400+30:1800+30"]

1. e4 c5 2. c3 e5 3. Nf3 Nc6 4. Bc4 h6 5. O-O Nf6 6. d4 cxd4 7. cxd4 exd4 8. Nxd4 Bc5 9. Nxc6 dxc6 10. Nc3 Qc7 11. e5 Ng4 12. Bf4 O-O 13. h3 Nxe5 14. Ne4 Qe7 15. Bb3 Ng6 16. Nxc5 Nxf4 17. Qf3 Nxh3+ 18. gxh3 Qxc5 19. Rfe1 Qf5 20. Qxf5 Bxf5 21. Re7 b6 22. Rc7 Bxh3 23. Re1 Rac8 24. Rxa7 c5 25. Bc4 Bf5 26. Ree7 Bg6 27. Rab7 Rc6 28. Kg2 Rf6 29. Kg3 Rd8 30. f3 Rd4 31. b3 Rdf4 32. Bd5 Bh5 33. Be4 g5 34. Re8+ 0-1

[Event "Germany Countries-chT Youth 2022"]
[Site "Wiesbaden"]
[Date "2022.10.02"]
[Round "3"]
[White "Prinzen, Siri Marleen"]
[Black "Braeutigam, Katerina"]
[Result "1-0"]
[ECO "A45"]
[WhiteElo "1719"]
[BlackElo "1873"]
[Annotator "NA RC COMBH"]
[PlyCount "81"]
[EventDate "2022.09.28"]
[EventType "team-tourn"]
[EventRounds "7"]
[EventCountry "GER"]
[SourceTitle "playchess.com"]
[Source "ChessBase"]
[SourceQuality "1"]
[TimeControl "40/5400+30:1800+30"]

1. d4 Nf6 2. Bf4 b6 3. e3 Bb7 4. Nf3 g6 5. c4 Bg7 6. Nc3 d6 7. Bd3 Nbd7 8. O-O O-O 9. h3 Re8 10. Bh2 e5 11. Bc2 exd4 12. Nxd4 Nc5 13. Rb1 Qe7 14. a3 Nfe4 15. Nxe4 Bxe4 16. Bxe4 Qxe4 17. Nb5 Re7 18. b4 Nd3 19. Qc2 a6 20. Nd4 Bxd4 21. exd4 Nf4 22. Qxe4 Rxe4 23. Bxf4 Rxf4 24. Rfd1 $11 Re8 25. Rb2 Ree4 26. Rbd2 Kf8 27. Kh2 Rf6 28. f3 Re3 29. Rd3 Rfe6 30. d5 Re7 31. R1d2 Re1 32. c5 bxc5 33. bxc5 dxc5 34. Rc2 R1e3 35. Rxe3 Rxe3 36. Rxc5 Rxa3 37. Rxc7 Rb3 38. d6 Ke8 39. Re7+ Kf8 40. Ra7 Rb6 41. Ra8+ 1-0

[Event "Germany Countries-chT Youth 2022"]
[Site "Wiesbaden"]
[Date "2022.10.02"]
[Round "3"]
[White "Yue, Qizhou"]
[Black "Woerz, Ann-Sophie"]
[Result "1/2-1/2"]
[ECO "B33"]
[WhiteElo "1711"]
[BlackElo "1607"]
[Annotator "NA RC COMBH"]
[PlyCount "54"]
[EventDate "2022.09.28"]
[EventType "team-tourn"]
[EventRounds "7"]
[EventCountry "GER"]
[SourceTitle "playchess.com"]
[Source "ChessBase"]
[SourceQuality "1"]
[TimeControl "40/5400+30:1800+30"]

1. e4 c5 2. Nf3 Nc6 3. d4 cxd4 4. Nxd4 Nf6 5. Nc3 g6 6. Be2 Bg7 7. Nb3 d6 8. O-O a6 9. Re1 O-O 10. Bf1 Ne5 11. Bg5 h6 12. Bh4 g5 13. Bg3 Bg4 14. f3 Bd7 15. Nd5 Nh5 16. Bf2 Rb8 17. Bb6 Qe8 18. Nd4 Nf6 19. Qd2 Nxd5 20. exd5 Rc8 21. f4 gxf4 22. Qxf4 Nc4 23. Bxc4 Rxc4 24. c3 e5 25. dxe6 fxe6 26. Qxd6 Rf6 27. Ba5 Rg6 1/2-1/2

[Event "Germany Countries-chT Youth 2022"]
[Site "Wiesbaden"]
[Date "2022.10.02"]
[Round "3"]
[White "Keymer, Cecilia"]
[Black "Dohon, Maria-Johanna"]
[Result "1-0"]
[ECO "E65"]
[WhiteElo "1696"]
[BlackElo "1430"]
[Annotator "NA RC COMBH"]
[PlyCount "57"]
[EventDate "2022.09.28"]
[EventType "team-tourn"]
[EventRounds "7"]
[EventCountry "GER"]
[SourceTitle "playchess.com"]
[Source "ChessBase"]
[SourceQuality "1"]
[TimeControl "40/5400+30:1800+30"]

1. d4 Nf6 2. c4 g6 3. g3 Bg7 4. Bg2 O-O 5. Nc3 d6 6. Nf3 c5 7. O-O Na6 8. b3 Nc7 9. Bb2 a6 10. a4 Rb8 11. a5 Nd7 12. e3 Re8 13. Qc2 e5 14. Rfd1 Qe7 15. dxe5 dxe5 16. Ne4 Ne6 17. Rd2 f5 18. Nd6 Rd8 19. Rad1 e4 20. Nh4 Ne5 21. Nhxf5 gxf5 22. Nxf5 Qc7 23. Rxd8+ Nxd8 24. Nxg7 Kxg7 25. Rxd8 Kh6 26. Rd5 Nf3+ 27. Bxf3 exf3 28. Qe4 Qxa5 29. Qh4+ 1-0

[Event "Germany Countries-chT Youth 2022"]
[Site "Wiesbaden"]
[Date "2022.10.02"]
[Round "3"]
[White "Nechitailo, Nikita"]
[Black "Rudolph, Eva"]
[Result "0-1"]
[ECO "B20"]
[WhiteElo "1651"]
[BlackElo "1911"]
[Annotator "TA"]
[PlyCount "52"]
[EventDate "2022.09.28"]
[EventType "team-tourn"]
[EventRounds "7"]
[EventCountry "GER"]
[SourceTitle "playchess.com"]
[Source "ChessBase"]
[SourceQuality "1"]
[TimeControl "40/5400+30:1800+30"]

1. e4 c5 2. b4 cxb4 3. a3 bxa3 4. d4 d6 5. Nf3 Nc6 6. d5 {[%emt 0:11:41] [#] B20: Sicilian: Unusual White 2nd moves.} Ne5 $146 (6... Qa5+ $2 7. Bd2 Qc7 8. dxc6 $18) ({Predecessor:} 6... Nb8 7. Rxa3 g6 8. Qd4 Nf6 9. Rxa7 Rxa7 10. Qxa7 Qc7 11. Be3 Nbd7 12. Bd3 Bg7 13. Na3 Qc3+ 14. Ke2 O-O 15. Nb5 Qb2 16. Bc1 {1-0 (16) Hilbert,S (1339)-Strohmeier,J (1436) FICGS email 2017}) 7. Nxe5 dxe5 8. Nxa3 {[%emt 0:00:19] The position is equal.} (8. Qh5 {keeps more tension.} Qa5+ 9. Bd2 Qc7 10. Bb5+) 8... Nf6 {[%emt 0:00:58][%cal Bg8f6,Bf6e4,Be4c3][%mdl 32] Inhibits Qh5.} 9. f4 (9. Bb5+ Bd7 10. Bxd7+ Nxd7 11. O-O) (9. Bb5+ $11 {keeps the balance.} Bd7 10. Bxd7+ Nxd7 11. O-O) 9... Nxe4 10. Bb5+ Bd7 {[%emt 0:00:20] ...e6 is the strong threat.} 11. Bxd7+ {[%emt 0:00:02] Black converts the advantage convincingly.} (11. fxe5 $15 Bxb5 12. Nxb5) 11... Qxd7 $17 12. fxe5 {[%emt 0:11:42] [#]} Nc3 $1 {[%emt 0:12:39][%csl LRd1,LRd5] Black is more active.} (12... Qf5 13. Qd4 $14) 13. Qd4 Rc8 $40 {[%emt 0:09:34][%mdl 128] Black has strong attack.} ({Resist} 13... Qxd5 14. Qxc3 e6 15. Be3 $16) ({And not} 13... Nxd5 14. c4 Nb4 15. Qxd7+ Kxd7 16. O-O $15) 14. Bb2 Nxd5 {[%emt 0:02:51] And now ...e6 would win.} 15. O-O-O $2 (15. c4 {was worth a try.} Nb6 16. Nb5 Rxc4 17. Qxd7+ Kxd7 18. Rd1+ (18. Rxa7 $2 Rb4 $19) 18... Ke8 19. e6) 15... e6 $19 16. Nc4 (16. Qd3 $142 Qc6 17. Nb5) 16... Qc6 {[%emt 0:02:54] Strongly threatening ...b5.} 17. Rhf1 Qxc4 {[%emt 0:02:44][%csl Gc8][%cal Rc4c2] [#]} 18. Qf2 Qc7 19. Rxd5 exd5 20. e6 fxe6 21. Qe2 Be7 22. Bxg7 Rg8 23. Be5 Qc4 24. Qh5+ Kd7 25. Rf2 Qe4 (25... Qb4 $142 26. Qf3 Rgf8 27. c3 Bg5+ 28. Kd1 Rxf3 29. Rxf3 Qb1+ 30. Ke2 Qe4+ 31. Kd1 Rc4 32. Rf7+ Ke8 33. Rf8+ Kxf8 34. Bd4 Rxd4+ 35. cxd4 Qd3+ 36. Ke1 Bd2+ 37. Kf2 Qe3+ 38. Kf1 Qe1#) 26. Re2 Qg4 {[%emt 0:01:10] Weighted Error Value: White=1.00/Black=0.21 (precise)} 0-1

[Event "Germany Countries-chT Youth 2022"]
[Site "Wiesbaden"]
[Date "2022.10.02"]
[Round "3"]
[White "Bezsonna, Polina"]
[Black "Modali, Nikhilamrutha"]
[Result "1/2-1/2"]
[ECO "B47"]
[WhiteElo "1649"]
[BlackElo "1355"]
[Annotator "NA RC COMBH"]
[PlyCount "60"]
[EventDate "2022.09.28"]
[EventType "team-tourn"]
[EventRounds "7"]
[EventCountry "GER"]
[SourceTitle "playchess.com"]
[Source "ChessBase"]
[SourceQuality "1"]
[TimeControl "40/5400+30:1800+30"]

1. e4 c5 2. Nf3 e6 3. d4 cxd4 4. Nxd4 Nc6 5. Nc3 Qc7 6. Be2 Nf6 7. a3 a6 8. O-O Be7 9. h3 b5 10. Nxc6 dxc6 11. Kh1 c5 12. f4 b4 13. axb4 cxb4 14. Na2 Nxe4 15. Qd3 Bb7 16. Kh2 Rc8 17. Bd1 Rd8 18. Qe3 Bh4 19. Bf3 Ng3 20. Rg1 Nf5 21. Qe5 Bg3+ 22. Kh1 Qxe5 23. fxe5 Bxf3 24. gxf3 Bxe5 25. Nxb4 Ng3+ 26. Kg2 Ne2 27. Re1 Nf4+ 28. Kf1 Ng6 29. Nc6 Rd5 30. Nxe5 Nxe5 1/2-1/2

[Event "Germany Countries-chT Youth 2022"]
[Site "Wiesbaden"]
[Date "2022.10.02"]
[Round "3"]
[White "Haug, Mara"]
[Black "Gavrylyuk, Oleksandr"]
[Result "1-0"]
[ECO "B35"]
[WhiteElo "1611"]
[BlackElo "1263"]
[Annotator "NA COMBH"]
[PlyCount "91"]
[EventDate "2022.09.28"]
[EventType "team-tourn"]
[EventRounds "7"]
[EventCountry "GER"]
[SourceTitle "playchess.com"]
[Source "ChessBase"]
[SourceQuality "1"]
[TimeControl "40/5400+30:1800+30"]

1. e4 c5 2. Nf3 Nc6 3. d4 cxd4 4. Nxd4 g6 5. Nc3 Bg7 6. Be3 Nf6 7. Bc4 Qa5 8. O-O O-O 9. Bb3 d6 10. h3 Bd7 11. Re1 a6 12. f4 Rac8 13. Nf3 Qc7 14. Bf2 Nh5 15. Nd5 Qb8 16. e5 e6 17. Nb6 Rcd8 18. Nc4 d5 19. Nd6 b5 20. Qd2 f6 21. Bc5 fxe5 22. fxe5 Ng3 23. Qf2 Nf5 24. g4 Nfe7 25. Qe3 Rxf3 26. Qxf3 Rf8 27. Qg3 Qc7 28. Bf2 Nxe5 29. Rxe5 Qxd6 30. Re2 Qxg3+ 31. Bxg3 Bxb2 32. Rf1 Bd4+ 33. Kg2 Rc8 34. Be5 Nc6 35. Bxd4 Nxd4 36. Rd2 Nc6 37. a4 Nb4 38. axb5 Bxb5 39. Rf6 Rc6 40. Rdf2 a5 41. Rf8+ Kg7 42. R2f7+ Kh6 43. h4 a4 44. Rh8 g5 45. Rhxh7+ Kg6 46. h5# 1-0

[Event "Germany Countries-chT Youth 2022"]
[Site "Wiesbaden"]
[Date "2022.10.02"]
[Round "3"]
[White "Glowiak, Alexandra"]
[Black "Huppert, Anna"]
[Result "1/2-1/2"]
[ECO "C06"]
[WhiteElo "1602"]
[BlackElo "1417"]
[Annotator "NA RC COMBH"]
[PlyCount "129"]
[EventDate "2022.09.28"]
[EventType "team-tourn"]
[EventRounds "7"]
[EventCountry "GER"]
[SourceTitle "playchess.com"]
[Source "ChessBase"]
[SourceQuality "1"]
[TimeControl "40/5400+30:1800+30"]

1. e4 e6 2. d4 d5 3. Nd2 Nf6 4. e5 Nfd7 5. Bd3 c5 6. c3 Nc6 7. Ne2 cxd4 8. cxd4 f6 9. exf6 Nxf6 10. O-O Bd6 11. Nf3 Qc7 12. Nc3 a6 13. Bg5 O-O 14. Bh4 Nh5 15. Bg3 Nxg3 16. hxg3 h6 17. Rc1 Qb8 18. Na4 Qa7 19. Bb1 Rf6 20. Qd3 g6 21. Rfd1 Bd7 22. Nc5 Be8 23. Qe3 g5 24. Nxe6 b6 25. Nexg5 hxg5 26. Qxg5+ Qg7 27. Qxd5+ Qf7 28. Be4 Rc8 29. Ne5 Bxe5 30. dxe5 Rxf2 31. Qxf7+ Rxf7 32. Bd5 Kg7 33. Bxf7 Kxf7 34. Rd6 Ke7 35. Kf2 Bd7 36. Re1 Rf8+ 37. Kg1 Rf5 38. Red1 Nxe5 39. Rxb6 Bb5 40. Re1 Kf7 41. b3 Nd3 42. Re3 Ne5 43. Re4 Kg7 44. Rd6 Nf7 45. Rdd4 Rf1+ 46. Kh2 Rf2 47. Rg4+ Kf8 48. a4 Bc6 49. Rg6 Rxg2+ 50. Kh3 Rc2 51. Rc4 Bd7+ 52. g4 Rb2 53. Rb4 a5 54. Rb8+ Ke7 55. Ra6 Bxa4 56. Rb7+ Bd7 57. Rxa5 Nd8 58. Rb6 Nc6 59. Raa6 Ne5 60. Ra7 Ke8 61. Rb8+ Ke7 62. Rbb7 Kd6 63. Ra6+ Kc5 64. Ra5+ Kc6 65. Rxe5 1/2-1/2

[Event "Germany Countries-chT Youth 2022"]
[Site "Wiesbaden"]
[Date "2022.10.02"]
[Round "3"]
[White "Henninger, Claire"]
[Black "Pohle, Saskia"]
[Result "0-1"]
[ECO "C50"]
[WhiteElo "1526"]
[BlackElo "1756"]
[Annotator "NA RC COMBH"]
[PlyCount "60"]
[EventDate "2022.09.28"]
[EventType "team-tourn"]
[EventRounds "7"]
[EventCountry "GER"]
[SourceTitle "playchess.com"]
[Source "ChessBase"]
[SourceQuality "1"]
[TimeControl "40/5400+30:1800+30"]

1. e4 e5 2. Nf3 Nc6 3. Bc4 Bc5 4. d3 Nf6 5. Nc3 d6 6. h3 a6 7. Be3 Ba7 8. Bxa7 Rxa7 9. a3 O-O 10. Qd2 b5 11. Ba2 Ne7 12. O-O-O c5 13. Nd5 Nfxd5 14. exd5 Qb6 15. g4 a5 16. Rdg1 a4 17. h4 b4 18. h5 Rb7 19. axb4 cxb4 20. g5 b3 21. cxb3 axb3 22. Bb1 Qc5+ 23. Kd1 Qxd5 24. Nh4 Ra7 25. Rh2 Ra4 26. g6 fxg6 27. Qg5 Ra1 28. Kd2 Qd4 29. Kc1 Qxd3 30. Qxg6 Rxb1# 0-1

[Event "Germany Countries-chT Youth 2022"]
[Site "Wiesbaden"]
[Date "2022.10.02"]
[Round "3"]
[White "Noennig, Jakob"]
[Black "Meng, Yuxuan"]
[Result "1-0"]
[ECO "B43"]
[WhiteElo "1510"]
[BlackElo "1472"]
[Annotator "NA RC COMBH"]
[PlyCount "63"]
[EventDate "2022.09.28"]
[EventType "team-tourn"]
[EventRounds "7"]
[EventCountry "GER"]
[SourceTitle "playchess.com"]
[Source "ChessBase"]
[SourceQuality "1"]
[TimeControl "40/5400+30:1800+30"]

1. e4 c5 2. Nf3 e6 3. d4 cxd4 4. Nxd4 a6 5. Nc3 Qc7 6. Bd3 Nf6 7. O-O Be7 8. Be3 O-O 9. f4 d6 10. Qf3 Nbd7 11. f5 e5 12. Nb3 Rd8 13. g4 h6 14. h4 h5 15. g5 b5 16. gxf6 Nxf6 17. Bg5 Bb7 18. Bxf6 Bxf6 19. Qxh5 Qb6+ 20. Kh1 Qe3 21. Rf3 Qh6 22. Qxh6 gxh6 23. Na5 Rab8 24. Nxb7 Rxb7 25. Nd5 Bxh4 26. Rg1+ Kf8 27. f6 Bg5 28. Bf1 Rc8 29. Rh3 Ke8 30. Rxg5 hxg5 31. Rh8+ Kd7 32. Bh3+ 1-0

[Event "Germany Countries-chT Youth 2022"]
[Site "Wiesbaden"]
[Date "2022.10.02"]
[Round "3"]
[White "Burlutskaia, Maria"]
[Black "Struebel, Katharina"]
[Result "1-0"]
[ECO "C55"]
[WhiteElo "1468"]
[BlackElo "1273"]
[Annotator "NA RC COMBH"]
[PlyCount "157"]
[EventDate "2022.09.28"]
[EventType "team-tourn"]
[EventRounds "7"]
[EventCountry "GER"]
[SourceTitle "playchess.com"]
[Source "ChessBase"]
[SourceQuality "1"]
[TimeControl "40/5400+30:1800+30"]

1. e4 e5 2. Nf3 Nc6 3. d4 exd4 4. Bc4 Nf6 5. O-O d5 6. exd5 Nxd5 7. c3 Be6 8. Re1 Be7 9. Nxd4 Nxd4 10. Qxd4 O-O 11. f4 b6 12. Qd3 Bc5+ 13. Kh1 c6 14. f5 Bc8 15. b4 Be7 16. Bb2 Bf6 17. Bxd5 Qxd5 18. Qxd5 cxd5 19. Na3 Bxf5 20. Rad1 Be4 21. Nb5 Rfd8 22. Nd4 Rac8 23. b5 Rc4 24. Nc6 Rd7 25. h3 h6 26. Re3 Rc5 27. Rxe4 Rxb5 28. Re8+ Kh7 29. Ba1 Rc5 30. Nd4 Rdc7 31. g3 Rc4 32. Nb5 Rd7 33. Kg2 Rc5 34. Nd4 Ra5 35. Re2 Re7 36. Rxe7 Bxe7 37. Rd2 Rc5 38. Nb3 Rc6 39. Rxd5 Rc7 40. Kf3 Bf6 41. Rd3 Kg6 42. Nd4 Rd7 43. Bb2 Rd5 44. Ke4 Ra5 45. a3 Re5+ 46. Kf3 Rd5 47. Bc1 a6 48. Bf4 b5 49. Ke4 Rd7 50. Nc6 Rb7 51. Be5 Bg5 52. Na5 Re7 53. Kd5 Rd7+ 54. Bd6 Be7 55. Kc6 Rd8 56. Kc7 Rxd6 57. Rxd6+ Bxd6+ 58. Kxd6 Kf5 59. Kd5 h5 60. Nb3 g5 61. Nd4+ Kg6 62. g4 h4 63. Ke5 f6+ 64. Ke6 Kg7 65. Nc6 Kg6 66. Nb8 a5 67. Nc6 b4 68. cxb4 axb4 69. axb4 Kg7 70. Ke7 Kg6 71. Ke6 Kg7 72. b5 Kf8 73. b6 f5 74. b7 fxg4 75. b8=Q+ Kg7 76. Qc7+ Kg6 77. Ne5+ Kh6 78. Nxg4+ Kg6 79. Qf7# 1-0

[Event "Germany Countries-chT Youth 2022"]
[Site "Wiesbaden"]
[Date "2022.10.02"]
[Round "3"]
[White "Halas, Neele Zoe"]
[Black "Altmeyer, Hannah"]
[Result "1-0"]
[ECO "C44"]
[WhiteElo "1392"]
[BlackElo "728"]
[Annotator "NA RC COMBH"]
[PlyCount "53"]
[EventDate "2022.09.28"]
[EventType "team-tourn"]
[EventRounds "7"]
[EventCountry "GER"]
[SourceTitle "playchess.com"]
[Source "ChessBase"]
[SourceQuality "1"]
[TimeControl "40/5400+30:1800+30"]

1. e4 e5 2. Nf3 Nc6 3. d4 d5 4. Nxe5 Qd7 5. Nxd7 Bxd7 6. exd5 Nb4 7. Bd3 Nxd5 8. O-O Bc6 9. c4 Nf4 10. Bxf4 Bd6 11. Bxd6 cxd6 12. d5 Bd7 13. Re1+ Ne7 14. Nc3 Kf8 15. Qf3 Be8 16. Ne4 Rd8 17. Ng5 Rd7 18. Bf5 Rc7 19. Be6 Ng6 20. b3 a5 21. Bh3 Ne5 22. Qf5 h6 23. Ne6+ Ke7 24. Nxc7 Kf8 25. Nxe8 Kxe8 26. Qd7+ Kf8 27. Qd8# 1-0

[Event "Germany Countries-chT Youth 2022"]
[Site "Wiesbaden"]
[Date "2022.10.02"]
[Round "3"]
[White "Kellner, Anton"]
[Black "Buchholz, Maja"]
[Result "0-1"]
[ECO "D10"]
[WhiteElo "1382"]
[BlackElo "1765"]
[Annotator "NA COMBH"]
[PlyCount "122"]
[EventDate "2022.09.28"]
[EventType "team-tourn"]
[EventRounds "7"]
[EventCountry "GER"]
[SourceTitle "playchess.com"]
[Source "ChessBase"]
[SourceQuality "1"]
[TimeControl "40/5400+30:1800+30"]

1. d4 d5 2. c4 c6 3. cxd5 cxd5 4. Bf4 Nc6 5. e3 a6 6. Bd3 Nf6 7. Nc3 Bg4 8. Nge2 e6 9. f3 Bh5 10. Bg3 Bg6 11. Nf4 Bxd3 12. Nxd3 Be7 13. O-O O-O 14. Rc1 Na5 15. Ne5 b5 16. Qe2 Rc8 17. a4 b4 18. Na2 Ra8 19. Nc6 Nxc6 20. Rxc6 a5 21. b3 Ne8 22. Rfc1 h5 23. h3 h4 24. Bh2 Bd6 25. R1c2 Bxh2+ 26. Kxh2 Nd6 27. Nc1 Nf5 28. Qf2 Qg5 29. Ne2 Qxe3 30. Qxe3 Nxe3 31. R2c5 Kh7 32. Rc7 Kg6 33. Rd7 Kf6 34. Rcc7 g5 35. Kg1 Nf5 36. Kf2 Kg6 37. Ke1 Ne3 38. Kf2 Nd1+ 39. Ke1 Ne3 40. Kf2 Nf5 41. Ke1 Nh6 42. Kd2 Ng8 43. Ra7 Nh6 44. Nc1 Rfc8 45. Nd3 f6 46. Nc5 Kf5 47. Nb7 Rxa7 48. Nd6+ Kf4 49. Rxa7 Rc3 50. Rxa5 Rxb3 51. Kc2 Rc3+ 52. Kb2 Kg3 53. Rb5 Kxg2 54. Rxb4 Rxf3 55. a5 Rxh3 56. a6 Rf3 57. a7 h3 58. a8=Q h2 59. Qa6 h1=Q 60. Qe2+ Rf2 61. Qxf2+ Kxf2 0-1